 Dungeon Crawl Stone Soup version 0.28.0-53-g5a82cb258f (webtiles) character file.

Game seed: 6526832599832258250

5849 boopmooplesden the Carver (level 10, -6/90 HPs)
             Began as a Minotaur Berserker on June 27, 2022.
             Was an Elder of Trog.
             Killed from afar by a raiju (17 damage)
             ... with a living lightning
             ... on level 2 of the Abyss.
             The game lasted 00:10:57 (10728 turns).

boopmooplesden the Carver (Minotaur Berserker)     Turns: 10728, Time: 00:10:57

Health: -6/90      AC: 15    Str: 25    XL:     10   Next: 51%
Magic:  9/9        EV: 12    Int:  4    God:    Trog [****..]
Gold:   640        SH:  0    Dex: 11    Spells: 9/9 levels left

rFire   + . .      SeeInvis .   p - +3 demon blade (elec)
rCold   . . .      Faith    .   (no shield)
rNeg    . . .      Spirit   .   m - +4 scale mail {rF+}
rPois   .          Reflect  .   (helmet restricted)
rElec   .          Harm     .   r - +0 cloak
rCorr   .          Rampage  .   (no gloves)
Will    ++...                   q - +0 pair of boots
Stlth   +.........              (no amulet)
HPRegen 1.25/turn               (no ring)
MPRegen 0.11/turn               (no ring)

@: strong-willed (expiring), on berserk cooldown, regenerating (expiring),
slowed, very slow
A: horns 2, retaliatory headbutt
a: Renounce Religion, Berserk, Trog's Hand, Brothers in Arms


You were on level 2 of the Abyss.
You worshipped Trog.
Trog was greatly pleased with you.
You visited 1 branch of the dungeon, and saw 9 of its levels.
You visited the Abyss 1 time.

You collected 640 gold pieces.

Inventory:

Hand Weapons
 a - a +0 falchion
 b - a +0 hand crossbow
 f - the +8 flail "Zailedd" {freeze, rElec rN+ Dex+2}
   (You took it off a centaur on level 9 of the Dungeon)

   It freezes those it strikes, dealing additional cold damage.
   It can also slow down cold-blooded creatures.
   Dex:       It affects your dexterity (+2).
   rElec:     It insulates you from electricity.
   rN:        It protects you from negative energy.
 p - a +3 demon blade of electrocution (weapon)
 C - the +7 quarterstaff of Wankaoc {vamp, Int+3 Dex+4}
   (You found it on level 8 of the Dungeon)

   It occasionally heals its wielder for a portion of the damage dealt when it
   wounds a living foe.
   Int:       It affects your intelligence (+3).
   Dex:       It affects your dexterity (+4).
Armour
 m - a +4 scale mail of fire resistance (worn)
 q - a +0 pair of boots (worn)
 r - a +0 cloak (worn)
 x - a scarf of invisibility
Jewellery
 e - a ring of magical power
 o - a ring of poison resistance
Wands
 c - a wand of polymorph (17)
 u - a wand of iceblast (20)
 B - a wand of flame (23)
Scrolls
 j - a scroll of fog
 k - 3 scrolls of teleportation
 l - a scroll of vulnerability
 w - a scroll of magic mapping
 A - 2 scrolls of identify
Potions
 d - 2 potions of flight
 g - a potion of heal wounds
 h - 3 potions of mutation
 i - 2 potions of curing
 n - a potion of ambrosia
 s - a potion of invisibility
 t - a potion of cancellation
 v - 2 potions of brilliance
 z - a potion of attraction {unknown}


   Skills:
 + Level 8.9 Fighting
 + Level 12.7 Long Blades
 + Level 8.8 Armour
 + Level 6.8 Dodging
 + Level 3.2 Stealth
 + Level 0.9 Unarmed Combat


You had 9 spell levels left.
You didn't know any spells.
Your spell library was empty.

Dungeon Overview and Level Annotations

Branches:
Dungeon (9/15)             Temple (0/1) D:5
   Lair: D:8-11         Orc: D:9-12

Altars:
Uskayaw
Beogh

Shops:
D:9 *

Annotations:
D:9 exclusion: obsidian statue, Erolcha


Innate Abilities, Weirdness & Mutations

You have a pair of horns on your head.
You reflexively headbutt those who attack you in melee.


Message History

You slash the large abomination!
Your headbutt misses the large abomination.
The large abomination is lightly damaged.
The large abomination barely misses you.
You furiously retaliate!
You headbutt the large abomination, but do no damage.
You slash the large abomination! You headbutt the large abomination!
You punch the large abomination, but do no damage.
The large abomination is severely damaged.
The large abomination hits you!
* * * LOW HITPOINT WARNING * * *
You hit the large abomination but do no damage.
The large abomination is severely damaged.
A spatial maelstrom comes into view.
A spatial vortex comes into view. x2
You slash the large abomination!
You destroy the large abomination!
That felt strangely unrewarding.
You feel the effects of Trog's Hand fading.
A raiju comes into view.
The spatial maelstrom barely misses you. x2
The spatial maelstrom closely misses you.
The spatial maelstrom barely misses you.
The raiju bursts into living lightning!
The living lightning hits the spatial vortex.
The spatial vortex resists.
The living lightning hits you!
* * * LOW HITPOINT WARNING * * *
The raiju blinks!
A raiju comes into view.
A spatial vortex comes into view.
There is a gateway leading out of the Abyss here.
The raiju barks!
The spatial maelstrom hits you but does no damage. x2
The spatial maelstrom hits you!
* * * LOW HITPOINT WARNING * * *
You blink.
You can't go up here!
The raiju barks! x2
The raiju bursts into living lightning!
The living lightning hits you!
You die...

### .... .. .... #.
....# .. .#
###.####..... ##.##.#
#............ .......
#....#.......
....#.###v..@..#...##
....................
#.................
##.#.................
.........hv.....h.###
..##.#.##....v..h...
#.##)#.....##...
#..#.#.###....h.
####.#.###.## ..


You could see a spatial maelstrom, 2 spatial vortices and 4 raiju.

Vanquished Creatures
  Erica (D:9)
  A dancing weapon (Abyss:2)
  A sixfirhy (Abyss:2)
  An apocalypse crab (Abyss:2)
  A smoke demon (Abyss:2)
  Psyche (D:9)
  A hornet (D:9)
  A troll (D:6)
  Grinder (D:3)
  Sigmund (D:3)
  3 yaks (D:8)
  3 large abominations (Abyss:2)
  2 wyverns
  Edmund (D:5)
  Menkaure (D:7)
  An acid dragon (D:6)
  6 orc warriors
  3 sky beasts
  A black bear (D:5)
  4 necrophages
  An ogre (D:8)
  3 centaurs
  A phantom (D:5)
  2 kobold brigands (D:8)
  A bullfrog (D:8)
  A scorpion (D:5)
  A water moccasin skeleton (D:4)
  4 killer bees (D:8)
  2 howler monkeys
  2 centaur zombies
  3 hounds
  3 jellies
  5 orc priests
  Crazy Yiuf (D:5)
  2 bullfrog skeletons
  Ijyb (D:3)
  7 orc wizards
  2 killer bee zombies
  7 adders
  2 shadow imps
  2 white imps
  3 worms
  2 dart slugs
  41 orcs
  5 bats
  6 endoplasms
  6 giant cockroaches
  9 goblins
  4 hobgoblins
  A quokka (D:1)
  6 ball pythons
  4 frilled lizards
  16 kobolds
  6 rats
197 creatures vanquished.

Notes
Turn   | Place    | Note
-------+----------+-------------------------------------------
     0 | D:1      | boopmooplesden the Minotaur Berserker began the quest for
                  | the Orb.
     0 | D:1      | Reached XP level 1. HP: 19/19 MP: 0/0
   375 | D:1      | Reached XP level 2. HP: 27/27 MP: 1/1
   711 | D:1      | Found a faded altar of an unknown god.
   714 | D:1      | Reached skill level 4 in Long Blades
   907 | D:2      | Reached XP level 3. HP: 30/34 MP: 2/2
   908 | D:2      | Reached ** piety under Trog
  1860 | D:2      | Reached XP level 4. HP: 38/41 MP: 3/3
  2304 | D:3      | Noticed Ijyb
  2312 | D:3      | Killed Ijyb
  2436 | D:3      | Reached skill level 5 in Long Blades
  2436 | D:3      | Reached skill level 1 in Stealth
  2437 | D:3      | Reached skill level 5 in Fighting
  2570 | D:3      | Reached XP level 5. HP: 41/48 MP: 4/4
  2776 | D:3      | Noticed Grinder
  2792 | D:3      | Noticed Sigmund
  2795 | D:3      | Killed Grinder
  2796 | D:3      | Reached skill level 6 in Long Blades
  2796 | D:3      | Reached XP level 6. HP: 41/56 MP: 5/5
  3402 | D:3      | Killed Sigmund
  3972 | D:4      | Reached XP level 7. HP: 58/61 MP: 6/6
  4537 | D:4      | Reached skill level 7 in Long Blades
  4888 | D:5      | Entered Level 5 of the Dungeon
  4890 | D:5      | Noticed Edmund
  4903 | D:5      | Killed Edmund
  4988 | D:5      | Identified a scroll of acquirement
  4988 | D:5      | Acquired a +3 demon blade of electrocution
  5022 | D:5      | Found a runed translucent door.
  5023 | D:5      | Noticed Crazy Yiuf
  5028 | D:5      | Killed Crazy Yiuf
  5119 | D:5      | Reached skill level 5 in Armour
  5238 | D:5      | Reached XP level 8. HP: 69/70 MP: 7/7
  5261 | D:5      | Reached skill level 8 in Long Blades
  5485 | D:5      | Found a staircase to the Ecumenical Temple.
  5501 | D:5      | Reached *** piety under Trog
  6064 | D:6      | Found a hide-covered altar of Uskayaw.
  6140 | D:6      | Noticed a troll
  6146 | D:6      | Killed a troll
  6147 | D:6      | Reached skill level 9 in Long Blades
  6847 | D:7      | Noticed Menkaure
  6852 | D:7      | Killed Menkaure
  6856 | D:7      | Reached XP level 9. HP: 61/79 MP: 8/8
  7988 | D:7      | Identified the +2 robe "Baep" {Str+2 Int+3}
  7997 | D:7      | Reached skill level 10 in Long Blades
  8861 | D:8      | Reached skill level 11 in Long Blades
  8922 | D:8      | Reached skill level 5 in Dodging
  9001 | D:8      | Reached XP level 10. HP: 88/88 MP: 9/9
  9011 | D:8      | Identified the +7 quarterstaff of Wankaoc {vamp, Int+3
                  | Dex+4}
  9626 | D:8      | Reached **** piety under Trog
  9988 | D:9      | Reached skill level 12 in Long Blades
 10154 | D:9      | Found Dexzann's Lightly-Used Armoury.
 10285 | D:9      | Noticed Psyche
 10300 | D:9      | Killed Psyche
 10380 | D:9      | Identified the +8 flail "Zailedd" {freeze, rElec rN+ Dex+2}
 10414 | D:9      | Noticed Erica
 10415 | D:9      | Noticed an obsidian statue
 10441 | D:9      | Killed Erica
 10451 | D:9      | HP: 4/90 [poisoned by Erica (bolt of poison)]
 10613 | D:9      | Noticed Erolcha
 10614 | D:9      | Cast into level 2 of the Abyss (Erolcha)
 10618 | Abyss:2  | Noticed an apocalypse crab
 10625 | Abyss:2  | Killed an apocalypse crab
 10656 | Abyss:2  | Noticed a sixfirhy
 10668 | Abyss:2  | Killed a sixfirhy
 10694 | Abyss:2  | Noticed a smoke demon
 10694 | Abyss:2  | Noticed a +1 vorpal mace
 10701 | Abyss:2  | Killed a +1 vorpal mace
 10704 | Abyss:2  | Killed a smoke demon
 10722 | Abyss:2  | Noticed a spatial maelstrom
 10728 | Abyss:2  | Killed from afar by a raiju

Illustrated notes

Levels and vault maps discovered:
D:1:      heliophobic_arrival_enchanted_forest, layout_basic,
          hellmonk_ecumenical_altar_arch_garden
D:2:      wad_crossroads, layout_basic
D:3:      layout_basic, uniq_sigmund, uniq_grinder, uniq_ijyb
D:4:      layout_cave_pools
D:5:      layout_cave_pods, minmay_temple_entry_sparse_star, uniq_edmund,
          uniq_crazy_yiuf_cottage
D:6:      layout_loops_ring, nicolae_uskayaw_suspiria, hangedman_decor_opposing,
          minmay_crystal_room
D:7:      layout_layer_cave, chequers_serial_rivers_marsh, uniq_menkaure
D:8:      layout_basic, special_room [special_room_orc], nrook_campfire,
          small_statue_intersection
D:9:      layout_irregular_city, st_stairs_1, minmay_shop_damaged,
          minmay_protected_statue, uniq_psyche, uniq_erolcha, uniq_erica
Abyss:2:  base:
D:3

Skill      XL: |  1  2  3  4  5  6  7  8  9 10 |
---------------+-------------------------------+-----
Fighting       | 4 5 6 7 8 |  8.9
Long Blades    | 4 5 6 7 9 11 12 | 12.7
Stealth        | 1 2 3 |  3.2
Armour         | 3 5 7 8 |  8.8
Dodging        | 3 4 6 |  6.8
Unarmed Combat | |  0.9

Action                   |  1- 3 |  4- 6 |  7- 9 | 10-12 || total
-------------------------+-------+-------+-------+-------++-------
Melee: Falchion          |    69 |    52 |    73 |       ||   194
       Headbutt          |    11 |     3 |    40 |    21 ||    75
       Punch             |       |     2 |     2 |     3 ||     7
       Demon blade       |       |       |   164 |   127 ||   291
       Unarmed           |       |       |       |     6 ||     6
Invok: Berserk           |       |     4 |     5 |     1 ||    10
       Trog's Hand       |       |       |       |     2 ||     2
  Use: Scroll            |       |     4 |    13 |     2 ||    19
       Potion            |       |     2 |       |     2 ||     4
 Stab: Sleeping          |     4 |       |       |       ||     4
       Confused          |       |       |       |     1 ||     1
Armor: Animal skin       |    15 |       |       |       ||    15
       Leather armour    |     6 |    12 |     8 |       ||    26
       Scale mail        |       |       |   108 |    53 ||   161
       Skin              |       |       |       |     1 ||     1
Dodge: Dodged            |    39 |    37 |   132 |    88 ||   296
